 Dungeon Crawl Stone Soup version 0.26.1-11-gd32895ea62 (webtiles) character file.

Game seed: 2746233393694328689

3024 Zeld the Thaumaturge (level 9, -10/54 HPs)
             Began as an Octopode Brigand on May 16, 2021.
             Was a Priest of Fedhas.
             Mangled by a five-headed hydra (11 damage)
             ... on level 8 of the Dungeon.
             The game lasted 00:13:01 (13193 turns).

Zeld the Thaumaturge (Octopode Brigand)            Turns: 13193, Time: 00:13:02

Health: -10/54     AC:  1    Str: 13    XL:     9   Next: 85%
Magic:  18/21      EV: 13    Int: 13    God:    Fedhas [***...]
Gold:   110        SH:  0    Dex: 14    Spells: 24/24 levels left

rFire    + . .     SeeInvis .   h - +2 dagger (venom)
rCold    . . .     Faith    .   (no shield)
rNeg     . . .     Spirit   .   (helmet restricted)
rPois    .         Reflect  .   (no amulet)
rElec    .         Harm     .   q - ring of protection from fire
rCorr    .         Rampage  .   e - ring of willpower
Will     +....                  (no ring)
Stlth    ++++......             (no ring)
HPRegen  0.18/turn              (no ring)
MPRegen  0.17/turn              (no ring)
                                (no ring)
                                (no ring)

@: no status effects
A: almost no armour, stealthy swim, amphibious, 8 rings, constrict 8, camouflage
1, gelatinous body 1
a: Renounce Religion, Wall of Briars, Grow Ballistomycete


You were on level 8 of the Dungeon.
You worshipped Fedhas.
Fedhas was most pleased with you.
You visited 2 branches of the dungeon, and saw 9 of its levels.

You collected 570 gold pieces.
You spent 460 gold pieces at shops.

Inventory:

Hand Weapons
 a - a +2 dagger
 f - a +2 dagger of pain
 h - a +2 dagger of venom (weapon)
 n - a +1 dagger of freezing
 D - a +4 dagger
Missiles
 b - 21 poisoned darts (quivered)
 c - 7 curare-tipped darts
Jewellery
 e - a ring of willpower (right tentacle)
 q - a ring of protection from fire (left tentacle)
Wands
 i - a wand of acid (8)
 m - a wand of iceblast (3)
 x - a wand of disintegration (8)
 C - a wand of digging (6)
Scrolls
 g - 4 scrolls of teleportation
 k - 5 scrolls of remove curse
 l - 4 scrolls of enchant armour
 r - a scroll of blinking {unknown}
 s - 3 scrolls of amnesia
 u - 2 scrolls of magic mapping
 v - a scroll of brand weapon {unknown}
 y - 3 scrolls of fear {unknown}
 G - 2 scrolls of random uselessness {unknown}
Potions
 d - 2 potions of invisibility {unknown}
 j - 3 potions of haste {unknown}
 o - 2 potions of magic {unknown}
 p - 3 potions of brilliance {unknown}
 t - 2 potions of flight {unknown}
 w - 2 potions of might {unknown}
 z - a potion of heal wounds {unknown}
 A - 2 potions of berserk rage {unknown}
 B - a potion of ambrosia {unknown}
 E - a potion of curing
 F - a potion of mutation {unknown}
 H - a potion of attraction {unknown}


   Skills:
 - Level 2.0 Fighting
 * Level 8.2 Short Blades
 - Level 6.0 Throwing
 - Level 1.0 Dodging
 - Level 5.3 Stealth
 + Level 8.3 Spellcasting


You had 24 spell levels left.
You didn't know any spells.
Your spell library contained the following spells:

 Spells                   Type           Power        Failure   Level
 Magic Dart               Conj           20%          13%         1
 Blink                    Tloc           N/A          21%         2
 Call Imp                 Summ           5%           21%         2
 Slow                     Hex            5%           21%         2
 Conjure Flame            Conj/Fire      5%           36%         3
 Mephitic Cloud           Conj/Pois/Air  5%           36%         3


Dungeon Overview and Level Annotations

Branches:
Dungeon (8/15)             Temple (1/1) D:6
   Lair: D:8-11

Altars:
Ashenzari
Cheibriados
Dithmenos
Elyvilon
Fedhas
Gozag
Hepliaklqana
Kikubaaqudgha
Makhleb
Nemelex Xobeh
Okawaru
Qazlal
Ru
Sif Muna
Trog
Uskayaw
Vehumet
Xom
Yredelemnul
Zin
The Shining One

Shops:
D:4 }   D:5 :[   D:6 *   D:8 [


Innate Abilities, Weirdness & Mutations

You cannot wear most types of armour.
You are very stealthy in the water. (Stealth+)
You are amphibious.
You can wear up to eight rings at the same time.
You can use your tentacles to constrict eight enemies at once.
Your skin changes colour to match your surroundings (Stealth+).
Your rubbery body absorbs attacks. (AC +1, EV +1)


Message History

You now have 110 gold pieces (gained 5).
You open the door.
There is an open door here.
A five-headed hydra comes into view.
The five-headed hydra roars!
A five-headed hydra is nearby!
Press: ? - help, v - describe, . - travel, g - get item
Here: a five-headed hydra Item here: 20 poisoned darts.
The floor.
A briar patch grows up from the ground.
The five-headed hydra bites you but does no damage.
The five-headed hydra bites you! The five-headed hydra bites you.
The five-headed hydra misses you. The five-headed hydra bites you!
You walk carefully through the plants.
The five-headed hydra bites you! x2
* * * LOW HITPOINT WARNING * * *
The five-headed hydra completely misses you.
The five-headed hydra bites you!
You die...
Fedhas appreciates your contribution to the ecosystem.

######..#.##.#..###########.#
#..
..........##.#..###########.#
#.#
#######.....>#[.............#
#.# ###..###############..#
#.# ###..####.. ## #..###.#
#......#.# .# #.......
#.##.#.'.# .# ##.###.#
#.##.###.###(# #.###.# #.##.#
##.@D# #...... #.##.# ######
#.###.. ######.##.# #.# #.#
#.. ##........?# #.# #.# #..
[..####.#### #.# #.###.. ####
#.# #.# #...... #.######.#
######. #........# #.
#..####### #.


You could see a five-headed hydra.

Vanquished Creatures
  Harold (D:7)
  A water moccasin (D:7)
  An ice beast (D:7)
  2 sky beasts (D:6)
  2 phantoms
  2 centaurs
  3 big kobolds (D:7)
  2 bullfrogs
  A water moccasin skeleton (D:8)
  8 wights (D:7)
  A quasit (D:7)
  A jelly (D:6)
  A bullfrog skeleton (D:7)
  3 orc priests
  3 hounds
  5 orc wizards
  A centaur skeleton (D:7)
  9 worker ants
  2 hound skeletons
  A worker ant zombie (D:8)
  4 gnolls
  3 adders
  3 shadow imps
  A white imp (D:5)
  An ufetubus (D:7)
  An ooze (D:2)
  An adder zombie (D:5)
  4 worms
  2 adder skeletons
  9 leopard geckos
  15 orcs
  6 bats
  2 giant cockroaches
  9 goblins
  6 hobgoblins
  17 jackals
  13 kobolds
  5 quokkas
  6 frilled lizards
  A rat (D:2)
159 creatures vanquished.

Vanquished Creatures (others)
  2 plants (D:3)
2 creatures vanquished.

Grand Total: 161 creatures vanquished

Notes
Turn   | Place    | Note
-------+----------+-------------------------------------------
     0 | D:1      | Zeld the Octopode Brigand began the quest for the Orb.
     0 | D:1      | Reached XP level 1. HP: 14/14 MP: 1/1
   151 | D:1      | Reached XP level 2. HP: 19/19 MP: 2/2
   749 | D:2      | Reached skill level 1 in Spellcasting
   811 | D:2      | Reached XP level 3. HP: 16/24 MP: 4/4
  1608 | D:2      | Found a blossoming altar of Fedhas.
  1610 | D:2      | Reached XP level 4. HP: 29/29 MP: 6/6
  1621 | D:2      | Became a worshipper of Fedhas Madash
  2643 | D:4      | Reached XP level 5. HP: 34/34 MP: 6/8
  2689 | D:4      | Reached * piety under Fedhas
  2877 | D:4      | Found a shimmering blue altar of Sif Muna.
  3212 | D:4      | Found Puty's Gadget Emporium.
  3228 | D:4      | Bought a wand of digging (7) for 242 gold pieces
  3386 | D:5      | Entered Level 5 of the Dungeon
  3404 | D:5      | Reached skill level 5 in Throwing
  3449 | D:5      | Reached XP level 6. HP: 19/39 MP: 8/10
  3454 | D:5      | Found Wem Cekloa's Book Shoppe.
  3927 | D:5      | Noticed a phantom
  4884 | D:5      | Found Rophig's Antique Armour Shop.
  5117 | D:5      | Killed a phantom
  5118 | D:5      | Reached XP level 7. HP: 45/45 MP: 11/13
  5276 | D:6      | Found a staircase to the Ecumenical Temple.
  5297 | Temple   | Entered the Ecumenical Temple
  5444 | D:6      | Reached ** piety under Fedhas
  5706 | D:6      | Found Gonkic's Assorted Antiques.
  5716 | D:6      | Bought a yellow potion for 25 gold pieces
  5716 | D:6      | Bought a scroll of identify for 56 gold pieces
  5851 | D:6      | Reached skill level 5 in Spellcasting
  6207 | D:6      | Reached XP level 8. HP: 34/50 MP: 16/16
  6918 | D:6      | Found a stormy altar of Qazlal.
  8677 | D:7      | Reached skill level 5 in Short Blades
  9027 | D:7      | Reached XP level 9. HP: 47/54 MP: 19/19
 10300 | D:7      | Noticed Harold
 11318 | D:7      | Found a hide-covered altar of Uskayaw.
 11319 | D:7      | Noticed a +0 hand axe
 11319 | D:7      | Noticed a +0 hand axe
 11886 | D:7      | Killed Harold
 12289 | D:7      | Found an opulent altar of Gozag.
 12524 | D:6      | Bought a sedimented green potion for 25 gold pieces
 12524 | D:6      | Bought a scroll labelled XUAMNU WEBBAU for 28 gold pieces
 12524 | D:6      | Bought a potion of curing for 84 gold pieces
 12579 | D:8      | Found Vafusm's Antique Armour Emporium.
 12936 | D:8      | Reached *** piety under Fedhas
 13191 | D:8      | Noticed a five-headed hydra
 13193 | D:8      | HP: 1/54 [five-headed hydra (16)]
 13193 | D:8      | Mangled by a five-headed hydra

Illustrated notes

Levels and vault maps discovered:
D:1:      wander_arrival_fairy_ring, layout_loops_ring, st_stairs_3,
          minmay_tiny_reverse_x
D:2:      layout_loops_ring, fedhas_altar_fruit_tree
D:3:      layout_rooms, serial_forest, infiniplex_forest_end_2,
          infiniplex_forest_lined_corner, infiniplex_forest_clump_large,
          infiniplex_forest_lined_2, infiniplex_forest_lined_room_2,
          infiniplex_forest_straight_2
D:4:      layout_loops_cross, marbit_many_paths, serial_shops, shop
D:5:      layout_basic, serial_shops, nicolae_shop_stone, shop,
          minmay_fractal_squares_gapless_5
D:6:      layout_rooms, minmay_temple_entry_waves, serial_shops, shop,
          nicolae_qazlal_general_emergency
D:7:      layout_layer_cave, dancing_weapons_uskayaw, general_overflow_altar,
          kennysheep_generic_room_9, uniq_harold
D:8:      layout_loops_ring, serial_shops, shop, grunt_livestock,
          kennysheep_just_a_vault
Temple:   hc_temple_tempest_star

Skill      XL: |  1  2  3  4  5  6  7  8  9 |
---------------+----------------------------+-----
Spellcasting   | 1 2 4 5 7 8 |  8.3
Throwing       | 3 4 5 6 |  6.0
Short Blades   | 5 8 |  8.2
Fighting       | |  2.0
Dodging        | |  1.0
Stealth        | |  5.3

Action                   |  1- 3 |  4- 6 |  7- 9 || total
-------------------------+-------+-------+-------++-------
Melee: Dagger            |    65 |   123 |   256 ||   444
       Constrict         |    13 |    36 |    45 ||    94
       Tentacles         |     5 |    17 |    71 ||    93
Throw: Dart              |       |       |     2 ||     2
Invok: Wall of Briars    |       |       |     1 ||     1
Evoke: Wand              |       |     4 |     6 ||    10
  Use: Scroll            |       |    10 |     4 ||    14
       Potion            |       |       |     4 ||     4
 Stab: Sleeping          |    12 |    14 |    11 ||    37
Armor: Skin              |     5 |     6 |     8 ||    19
Dodge: Dodged            |    30 |    82 |   123 ||   235
